 Dungeon Crawl Stone Soup version 0.17.0-24-gcfadda4 (webtiles) character file.

3107 UristPineapples the Basher (level 9, 1/61 HPs)
             Began as a Gargoyle Fighter on Nov 16, 2015.
             Quit the game on level 9 of the Dungeon.
             The game lasted 00:21:12 (8658 turns).

UristPineapples the Basher (Gargoyle Fighter)       Turns: 8658, Time: 00:21:12

Health: 1/61       AC: 11    Str: 21    XL:     9   Next: 90%
Magic:  9/9        EV:  7    Int:  6    God:
Gold:   572        SH:  9    Dex: 10    Spells: 0 memorised, 8 levels left

rFire  . . .     SeeInvis .     O - +0 demon whip (pain)
rCold  . . .     Clarity  +     b - +0 scale mail
rNeg   + . .     SustAt   .     c - +0 shield
rPois  ∞         Gourm    .     u - +0 helmet
rElec  +         Spirit   .     (no cloak)
rCorr  .         Warding  .     l - +0 pair of gloves (curse)
rMut   .         Stasis   .     (no boots)
MR     .....                    (no amulet)
Stlth  ..........               (no ring)
                                (no ring)

@: not resistant to hostile enchantments, extremely unstealthy
A: blink, clarity, deformed body, dopey 2, negative energy resistance 1,
electricity resistance, unbreathing, petrification resistance, rot immunity, AC
+5
a: Blink


You were on level 9 of the Dungeon.
You were not hungry.

You visited 2 branches of the dungeon, and saw 10 of its levels.
You also visited: Sewer.

You collected 572 gold pieces.

Inventory:

Hand Weapons
 a - a +0 flail
 z - a +0 blowgun
 O - a +0 demon whip of pain (weapon)
Missiles
 s - 24 poisoned needles
 A - 3 poisoned tomahawks (quivered)
Armour
 b - a +0 scale mail (worn)
 c - a +0 shield (worn)
 l - a cursed +0 pair of gloves (worn)
 u - a +0 helmet (worn)
Jewellery
 y - a cursed -4 ring of dexterity {unknown}
 E - an uncursed amulet of clarity {unknown}
 H - an uncursed amulet of resist corrosion {unknown}
 J - a +2 ring of dexterity {unknown}
Wands
 t - a wand of draining (0)
 x - a wand of cold (0)
 C - a wand of polymorph (3)
Scrolls
 j - 2 scrolls of random uselessness {unknown}
 n - 4 scrolls of teleportation {unknown}
 p - 12 scrolls of identify {unknown}
 q - a scroll of immolation {unknown}
 v - 4 scrolls of noise {unknown}
 B - a scroll of fear {unknown}
 G - 2 scrolls of magic mapping {unknown}
 K - 6 scrolls of remove curse {unknown}
 L - a scroll of torment {unknown}
Potions
 d - 5 potions of might
 f - 2 potions of lignification {unknown}
 g - 3 potions of agility {unknown}
 h - 2 potions of resistance {unknown}
 m - 3 potions of flight {unknown}
 o - 8 potions of curing {unknown}
 r - a potion of cure mutation {unknown}
 w - 5 potions of heal wounds {unknown}
 F - a potion of brilliance {unknown}
 M - a potion of poison {unknown}
Books
 D - a book of Geomancy

   Spells                             Type                      Level
   a - Sandblast                      Earth                        1
   b - Stoneskin                      Transmutation/Earth          2
   c - Passwall                       Transmutation/Earth          3
   d - Stone Arrow                    Conjuration/Earth            3
   e - Petrify                        Transmutation/Earth          4
   f - Lee's Rapid Deconstruction     Earth                        5
Comestibles
 e - 6 bread rations
 i - 4 meat rations
 k - 4 fruits
 I - 2 slices of pizza


   Skills:
 + Level 9.4 Fighting
 * Level 10.9 Maces & Flails
 - Level 3.2 Armour
 - Level 3.2 Shields


You had 8 spell levels left.
You didn't know any spells.

Dungeon Overview and Level Annotations

Branches:
Dungeon (9/15)             Temple (1/1) D:5
   Lair: D:8-11         Orc: D:9-12

Altars:
Ashenzari
Cheibriados
Dithmenos
Elyvilon
Fedhas
Gozag
Kikubaaqudgha
Makhleb
Nemelex Xobeh
Okawaru
Qazlal
Sif Muna
Trog
Vehumet
Xom
Yredelemnul

Shops:
D:4 *   D:6 !

Annotations:
D:4 Eustachio


Innate Abilities, Weirdness & Mutations

You are resistant to torment.
Your stone body is resilient (AC +5).
You are immune to poison.
You resist negative energy.
You are resistant to electric shocks.
You can survive without breathing.
You are immune to petrification.
You are immune to rotting.
You can translocate small distances at will.
You possess an exceptional clarity of mind.
Armour fits poorly on your strangely shaped body.
You are very dopey. (Int -4)


Message History

You hit the orc priest.
The orc priest is almost dead.
The raiju bites you but does no damage.
Unknown command.
You hit the orc priest.
You kill the orc priest!
A yak comes into view.
Unknown command.
You closely miss something. The raiju barely misses you.
Unknown command.
You whack something!
You hear some strange, mumbled words.
A puff of frost appears from out of thin air!
The puff of frost hits you!
* * * LOW HITPOINT WARNING * * *
The raiju bites you.
* * * LOW HITPOINT WARNING * * *
The raiju shocks you. You resist.
* * * LOW HITPOINT WARNING * * *
Are you sure you want to abandon this character and quit the game? (Confirm with "yes".)

##########################
.........................#
.................###<.###.#
....##...##.####.# #..# #.#
... #...##># #.# #..# #.#
.... #...##.# #.# #..# #.#
.....#...##.# #.# #..# #.#
.....o....##h# #.# #..# #.#
.....##o..##@# #.# #>.# #.#
o... #...##{# #.# #..# #.#


.oo #.....F####.# #..# #.# .. #...........# #..# #.# # #...##......# #..# #.#
#...##....<.# #..###.# ..Y..##.###..# #......# ......##.# #..###......#
.......##.# #......####.# You could see a yak, a raiju and a blink frog.

Vanquished Creatures
  Sigmund (D:4)
  2 hippogriffs (D:7)
  Menkaure (D:4)
  Purgy (D:4)
  An ice beast (D:7)
  A phantom (D:7)
  2 sky beasts
  The ghost of WereVolvo the Poker, an amateur HuBe of Trog (D:3)
  2 ogres
  4 centaurs
  A big kobold (Sewer)
  4 giant frogs
  A water moccasin zombie (D:8)
  4 scorpions
  A giant frog zombie (D:5)
  A hound (D:6)
  6 orc wizards
  2 orc priests
  4 crimson imps
  A jelly (D:7)
  Terence (D:3)
  An iguana (D:8)
  5 worker ants
  Natasha (thrice) (D:3 D:5)
  A killer bee zombie (D:8)
  A hound zombie (D:5)
  Robin (D:2)
  2 river rats (Sewer)
  3 shadow imps
  9 adders
  2 oozes
  An adder skeleton (D:4)
  2 worms
  6 orcs
  5 ball pythons
  8 bats
  8 giant cockroaches
  17 goblins
  17 hobgoblins
  6 jackals
  12 kobolds
  6 giant geckos
  A giant gecko skeleton (D:5)
  4 giant newts
  A jackal skeleton (D:7)
  3 quokkas
  A quokka skeleton (D:4)
  7 rats
175 creatures vanquished.

Notes
Turn   | Place    | Note
--------------------------------------------------------------
     0 | D:1      | UristPineapples the Gargoyle Fighter began the quest for the Orb.
     0 | D:1      | Reached XP level 1. HP: 14/14 MP: 1/1
   113 | D:1      | Reached XP level 2. HP: 16/19 MP: 2/2
   440 | D:1      | Reached skill level 4 in Fighting
   440 | D:1      | Reached XP level 3. HP: 22/24 MP: 3/3
   899 | D:2      | Noticed Robin
   936 | D:2      | Killed Robin
   936 | D:2      | Reached XP level 4. HP: 28/30 MP: 4/4
  1463 | D:2      | Found a shimmering altar of Xom.
  1738 | D:3      | Noticed Natasha
  1748 | D:3      | Killed Natasha
  1748 | D:3      | Reached skill level 5 in Fighting
  1748 | D:3      | Reached XP level 5. HP: 16/35 MP: 5/5
  2122 | D:3      | Noticed WereVolvo's ghost (amateur HuBe)
  2690 | D:3      | HP: 1/35 [WereVolvo's ghost (9)]
  3420 | D:3      | Noticed Terence
  3423 | D:3      | Killed Terence
  3423 | D:3      | Reached XP level 6. HP: 40/40 MP: 6/6
  3626 | D:4      | Noticed Menkaure
  3630 | D:4      | Killed Menkaure
  3630 | D:4      | Reached skill level 6 in Fighting
  3630 | D:4      | Reached skill level 5 in Maces & Flails
  3630 | D:4      | Reached XP level 7. HP: 31/46 MP: 7/7
  3654 | D:4      | Found Gayteem's General Store.
  3747 | D:4      | Noticed Sigmund
  3758 | D:4      | Killed Sigmund
  3778 | D:4      | Noticed Purgy
  3794 | D:4      | Killed Purgy
  4311 | D:4      | Noticed Eustachio
  4369 | D:3      | Killed WereVolvo's ghost
  4369 | D:3      | Reached skill level 7 in Fighting
  4369 | D:3      | Reached XP level 8. HP: 17/53 MP: 8/8
  4652 | D:5      | Entered Level 5 of the Dungeon
  4904 | D:5      | Reached skill level 8 in Maces & Flails
  5020 | D:5      | Noticed Natasha
  5039 | D:5      | Killed Natasha
  5184 | D:5      | Found a glowing drain.
  5193 | Sewer    | Entered a sewer
  5317 | Sewer    | Found a white marble altar of Elyvilon.
  5528 | D:5      | Noticed Natasha
  5530 | D:5      | Killed Natasha
  5565 | D:5      | Found a staircase to the Ecumenical Temple.
  5599 | Temple   | Entered the Ecumenical Temple
  6261 | D:6      | Found Edghirofe's Distillery.
  6425 | D:6      | Reached skill level 9 in Maces & Flails
  6425 | D:6      | Reached XP level 9. HP: 59/59 MP: 9/9
  6547 | D:6      | Found a radiant altar of Vehumet.
  6630 | D:6      | Found a basalt altar of Yredelemnul.
  6812 | D:6      | Found a white marble altar of Elyvilon.
  7369 | D:7      | Reached skill level 10 in Maces & Flails
  7480 | D:7      | Gained mutation: Armour fits poorly on your strangely shaped body. [mutagenic meat]
  7481 | D:7      | Gained mutation: You can translocate small distances at will. [mutagenic meat]
  7482 | D:7      | Gained mutation: You possess an exceptional clarity of mind. [mutagenic meat]
  7483 | D:7      | Gained mutation: You are dopey. (Int -2) [mutagenic meat]
  7484 | D:7      | Gained mutation: You are very dopey. (Int -4) [mutagenic meat]
  8630 | D:9      | Noticed a spiny frog
  8644 | D:9      | a spiny frog changed into a raiju
  8657 | D:9      | HP: 3/61 [something/puff of frost (3)]
  8657 | D:9      | HP: 1/61 [raiju (1)]
  8658 | D:9      | Quit the game

Action                   |  1- 3 |  4- 6 |  7- 9 || total
-------------------------+-------+-------+-------++-------
Melee: Flail             |   153 |   222 |   460 ||   835
       Unarmed           |       |       |     3 ||     3
       Demon whip        |       |       |    15 ||    15
Throw: Tomahawk          |       |       |     1 ||     1
Evoke: Wand              |       |     2 |     5 ||     7
  Eat: Chunk             |       |     4 |    15 ||    19
       Meat ration       |       |     1 |       ||     1
       Beef jerky        |       |       |     2 ||     2
       Bread ration      |       |       |     1 ||     1
